 Dungeon Crawl Stone Soup version 0.28-a0-1429-gf3d713df7a (webtiles) character file.

Game seed: 9763266182719352389

95 HallandMoats the Skirmisher (level 4, 0/35 HPs)
             Began as a Demonspawn Fighter on Jan 9, 2022.
             Killed from afar by Blork the orc (11 damage)
             ... with a puff of frost
             ... on level 4 of the Dungeon.
             The game lasted 00:02:03 (1650 turns).

HallandMoats the Skirmisher (Demonspawn Fighter)    Turns: 1650, Time: 00:02:04

Health: 0/35       AC:  9    Str: 18    XL:     4   Next: 40%
Magic:  5/5        EV: 12    Int:  9    God:
Gold:   94         SH:  4    Dex: 13    Spells: 3/3 levels left

rFire   . . .      SeeInvis .   a - +0 war axe
rCold   . . .      Faith    .   c - +0 buckler
rNeg    . . .      Spirit   .   b - +0 scale mail
rPois   .          Reflect  .   (no helmet)
rElec   .          Harm     .   g - +0 cloak
rCorr   .          Rampage  .   (no gloves)
Will    .....                   n - +0 pair of boots
Stlth   ..........              f - amulet of regeneration
HPRegen 0.91/turn               (no ring)
MPRegen 0.09/turn               (no ring)

@: flying (expiring)
A: repulsion field 2
a: no special abilities


You were on level 4 of the Dungeon.
You visited 1 branch of the dungeon, and saw 4 of its levels.

You collected 94 gold pieces.

Inventory:

Hand Weapons
 a - a +0 war axe (weapon)
Armour
 b - a +0 scale mail (worn)
 c - a +0 buckler (worn)
 g - a +0 cloak (worn)
 n - a +0 pair of boots (worn)
Jewellery
 f - an amulet of regeneration (around neck)
 o - a ring of see invisible
Scrolls
 e - 2 scrolls of identify {unknown}
 k - a scroll of teleportation {unknown}
 l - a scroll of noise {unknown}
 m - a scroll of magic mapping {unknown}
Potions
 d - a potion of might
 h - 3 potions of flight
 i - a potion of curing {unknown}
 j - 3 potions of haste {unknown}
 p - a potion of heal wounds {unknown}


   Skills:
 + Level 3.3 Fighting
 + Level 2.3 Axes
 + Level 3.0 Armour
 + Level 0.7 Dodging
 * Level 3.3 Shields
 * Level 2.4 Invocations


You had 3 spell levels left.
You didn't know any spells.
Your spell library contained the following spells:

 Spells                   Type           Power      Damage    Failure   Level
 Fireball                 Conj/Fire      0%         3d3       100%        5
 Iskenderun's Battlesphe  Conj           0%         2d6       100%        5
 Conjure Ball Lightning   Conj/Air       0%         3x3d6     100%        6
 Orb of Destruction       Conj           0%         N/A       100%        7


Dungeon Overview and Level Annotations

Branches:
Dungeon (4/15)
 Temple: D:4-7

Altars:
Hepliaklqana
Wu Jian
Beogh

Annotations:
D:3 3 runed translucent doors, SensoryNuts's ghost, weakling DsFi
D:4 Blork the orc


Innate Abilities, Weirdness & Mutations

You are surrounded by a moderate repulsion field. (EV +3)


Message History

There is a stone staircase leading up here.
An ogre is nearby!
It was a potion of flight.
You feel very buoyant.
You fly up into the air.
You hit the ogre but do no damage.
The ogre hits you with a +0 giant club!!
Ouch! That really hurt!
You are too injured to fight recklessly!
You are too injured to fight recklessly!
An endoplasm comes into view.
A scorpion and Blork the orc come into view.
Blork the orc shouts!
The endoplasm quivers.
The endoplasm jiggles.
An endoplasm comes into view.
The endoplasm quivers.
The scorpion stings you but does no damage.
Blork the orc casts a spell.
Blork the orc seems to speed up.
The scorpion closely misses you. Blork the orc casts a spell at you.
The puff of frost misses you.
The endoplasm hits you but does no damage.
Blork the orc points at you and mumbles some strange words.
The puff of flame hits you!
You reach down and open the door.
You are starting to lose your buoyancy.
The endoplasm freezes you.
You are frozen.
The scorpion stings you but does no damage.
Blork the orc barely misses you.
Blork the orc looks satisfied for a moment.
There is an open door here.
Blork the orc suddenly complains.
Blork the orc casts a spell at you. The puff of frost hits you!
* * * LOW HITPOINT WARNING * * *
Blork the orc gestures at you while chanting.
The puff of frost hits you!
You die...

###### #.@o.#
######O######
.......s.....#
.......J.....#
.............#
.............#
.............#
..........####
..........#


You could see Blork the orc (fast) and an ogre.

Vanquished Creatures
  4 adders
  2 dart slugs
  3 orcs (D:3)
  4 ball pythons
  2 bats
  6 endoplasms
  3 giant cockroaches (D:1)
  2 goblins
  5 hobgoblins
  5 quokkas
  2 frilled lizards
  6 kobolds
  4 rats
48 creatures vanquished.

Notes
Turn   | Place    | Note
-------+----------+-------------------------------------------
     0 | D:1      | HallandMoats the Demonspawn Fighter began the quest for the
                  | Orb.
     0 | D:1      | Reached XP level 1. HP: 18/18 MP: 1/1
    87 | D:1      | Gained mutation: You are surrounded by a mild repulsion
                  | field. (EV +2) [demonic ancestry]
    87 | D:1      | Reached XP level 2. HP: 24/24 MP: 2/2
   126 | D:1      | Reached skill level 1 in Invocations
   664 | D:1      | Reached XP level 3. HP: 29/29 MP: 4/4
   706 | D:2      | Found an ornate altar of the Wu Jian Council.
   882 | D:2      | Identified the +1 robe of Creativity {Harm}
  1025 | D:2      | Found a faded altar of an unknown god.
  1172 | D:3      | Found a hazy altar of Hepliaklqana.
  1178 | D:3      | Gained mutation: You are surrounded by a moderate repulsion
                  | field. (EV +3) [demonic ancestry]
  1178 | D:3      | Reached XP level 4. HP: 32/35 MP: 5/5
  1252 | D:3      | Identified the +9 dagger "Caogaj" {flame, *Noise rN+ SInv}
  1252 | D:3      | Identified the +1 ring mail "Sitaet" {rN+ rCorr}
  1253 | D:3      | Found a runed translucent gate.
  1253 | D:3      | Noticed SensoryNuts's ghost (weakling DsFi)
  1259 | D:3      | Found a runed translucent gate.
  1260 | D:3      | Found a runed translucent gate.
  1631 | D:4      | Noticed an ogre
  1639 | D:4      | Noticed Blork the orc
  1639 | D:4      | Noticed a scorpion
  1650 | D:4      | Killed from afar by Blork the orc

Illustrated notes

Levels and vault maps discovered:
D:1:      minmay_arrival_four_houses, layout_loops_cross
D:2:      layout_basic, hellmonk_ecumenical_altar_run_dry, basic_altar,
          minmay_liquid_box, minmay_vboxes
D:3:      layout_rooms, old_standard_altar, biasface_ghost_orc_armoury,
          minivault_23, minivault_25
D:4:      layout_basic, minmay_temple_entry_hall, uniq_blork_the_orc,
          uniq_grinder, uniq_duvessa

Skill      XL: |  1  2  3 |
---------------+----------+-----
Invocations    | 1 2 |  2.4
Shields        | 3 |  3.3
Axes           | 2 |  2.3
Armour         | 3 |  3.0
Fighting       | |  3.3
Dodging        | |  0.7

Action                   |  1- 3 |  4- 6 || total
-------------------------+-------+-------++-------
Melee: War axe           |   102 |    37 ||   139
  Use: Potion            |       |     1 ||     1
Armor: Scale mail        |    49 |    17 ||    66
Dodge: Dodged            |    73 |    29 ||   102
Block: Buckler           |    24 |     7 ||    31

Table legend: (Time is in decaauts)
 A = Elapsed time spent in this place.
 B = Non-inter-level travel time spent in this place.
 C = Inter-level travel time spent in this place.
 D = Time resting spent in this place.
 E = Time spent auto-exploring this place.
 F = Levels seen in this place.
 G = Mean time per level.
                   A        B        C        D        E       F      G
               +--------+--------+--------+--------+--------+-----+--------+
         Total |   1708 |   1670 |     38 |      0 |   1247 |   4 |  427.0 |
       Dungeon |   1708 |   1670 |     38 |      0 |   1247 |   4 |  427.0 |
               +--------+--------+--------+--------+--------+-----+--------+

Top non-repeatable levels by time:
     D:1: 724 daAuts
     D:3: 524 daAuts
     D:2: 440 daAuts
     D:4: 19 daAuts
